 Dungeon Crawl Stone Soup version 0.27.0-1-g7a089689b8 (webtiles) character file.

Game seed: 10544032861419636972

959 Spaninq the Chopper (level 7, -5/59 HPs)
             Began as a Palentonga Berserker on Aug 6, 2021.
             Was a Believer of Trog.
             Slain by a wyvern zombie (11 damage)
             ... on level 5 of the Dungeon.
             The game lasted 00:08:42 (5563 turns).

Spaninq the Chopper (Palentonga Berserker)          Turns: 5563, Time: 00:08:43

Health: -5/59      AC: 19    Str: 23    XL:     7   Next: 92%
Magic:  7/7        EV:  8    Int:  7    God:    Trog [**....]
Gold:   204        SH:  0    Dex:  9    Spells: 6/6 levels left

rFire    . . .     SeeInvis +   s - +0 war axe
rCold    . . .     Faith    .   (no shield)
rNeg     . . .     Spirit   .   r - +4 scale mail
rPois    .         Reflect  .   (no helmet)
rElec    .         Harm     .   m - +0 cloak
rCorr    .         Rampage  .   v - +0 pair of gloves
Will     ++...                  (no barding)
Stlth    ..........             (no amulet)
HPRegen  1.19/turn              (no ring)
MPRegen  0.10/turn              (no ring)

@: strong-willed, attractive, regenerating, curled up
A: large, rugged brown scales 3, see invisible, deformed body, roll 1, armoured
tail, reflexive curl
a: Rolling Charge, Renounce Religion, Berserk, Trog's Hand


You were on level 5 of the Dungeon.
You worshipped Trog.
Trog was pleased with you.
You visited 1 branch of the dungeon, and saw 5 of its levels.

You collected 204 gold pieces.

Inventory:

Hand Weapons
 a - a +0 hand axe
 e - a +2 short sword of venom
 s - a +0 war axe (weapon)
Armour
 m - a +0 cloak (worn)
 r - a +4 scale mail (worn)
 v - a +0 pair of gloves (worn)
Jewellery
 c - a ring of positive energy
 k - an amulet of guardian spirit
 q - a +6 ring of intelligence
 t - a ring of fire
Scrolls
 b - a scroll of enchant armour {unknown}
 d - 2 scrolls of teleportation {unknown}
 f - 3 scrolls of identify {unknown}
 h - a scroll of vulnerability {unknown}
 p - a scroll of enchant weapon {unknown}
Potions
 g - 2 potions of haste {unknown}
 i - a potion of mutation {unknown}
 j - a potion of curing {unknown}
 l - 2 potions of flight {unknown}
 n - a potion of attraction
 o - a potion of ambrosia {unknown}
 u - a potion of degeneration {unknown}
 w - a potion of might {unknown}
 x - a potion of magic {unknown}
 z - a potion of brilliance {unknown}


   Skills:
 + Level 5.5 Fighting
 * Level 7.3 Axes
 + Level 2.7 Armour
 + Level 2.7 Dodging


You had 6 spell levels left.
You didn't know any spells.
Your spell library was empty.

Dungeon Overview and Level Annotations

Branches:
Dungeon (5/15)
 Temple: D:4-7

Altars:
Cheibriados
Kikubaaqudgha
Okawaru
Sif Muna
Vehumet

Shops:
D:5 =

Annotations:
D:2 1 runed translucent door, Crazy Yiuf
D:3 Sigmund


Innate Abilities, Weirdness & Mutations

You are completely covered in rugged brown scales. (AC +3, +7% HP)
You have supernaturally acute eyesight. (SInv)
Armour fits poorly on your strangely shaped body.
You can roll at nearby foes to attack.
You have a long armoured tail.
You curl defensively after being hit.


Message History

You hit the wyvern zombie but do no damage.
The wyvern zombie barely misses you.
You slash the wyvern zombie!
The wyvern zombie is moderately damaged.
The wyvern zombie bites you! The wyvern zombie bites you.
You slash the wyvern zombie! You tail-slap the wyvern zombie.
The wyvern zombie is severely damaged.
The wyvern zombie bites you but does no damage.
You hit the wyvern zombie but do no damage.
The wyvern zombie is severely damaged.
The wyvern zombie bites you but does no damage.
The wyvern zombie bites you.
You hit the wyvern zombie but do no damage.
The wyvern zombie is severely damaged.
The wyvern zombie bites you!
You barely miss the wyvern zombie.
The wyvern zombie is severely damaged.
The wyvern zombie bites you. x2
You barely miss the wyvern zombie. You tail-slap the wyvern zombie.
The wyvern zombie is severely damaged.
The wyvern zombie bites you.
You barely miss the wyvern zombie.
The wyvern zombie is severely damaged.
The wyvern zombie bites you!
* * * LOW HITPOINT WARNING * * *
The wyvern zombie barely misses you.
You barely miss the wyvern zombie.
The wyvern zombie is severely damaged.
The wyvern zombie bites you.
* * * LOW HITPOINT WARNING * * *
The wyvern zombie completely misses you.
The wyvern zombie bites you!
* * * LOW HITPOINT WARNING * * *
It was a potion of attraction.
You feel attractive to monsters.
The wyvern zombie bites you but does no damage.
Your skin crawls.
You feel strong-willed. The wyvern zombie bites you!
You die...

...[.........>##.########
######........##.........
#.######............
#.######..#########.
#.##........#
..##.###..#.# ..# #..#.#
...# #..#.# #..#@# #..#Z#
#..#.# #....# #.#..#
#.#..# ## #.#..# .#
#.#..# .# #.#..#


You could see a wyvern zombie.

Vanquished Creatures
  A wraith (D:5)
  An orc warrior (D:4)
  An ogre (D:5)
  2 scorpions
  2 orc priests
  A hound (D:5)
  A jelly (D:4)
  An iguana (D:3)
  9 orc wizards
  A scorpion zombie (D:5)
  4 adders
  A howler monkey skeleton (D:4)
  An ufetubus (D:5)
  3 worms
  4 dart slugs
  9 orcs
  5 endoplasms
  4 giant cockroaches
  3 goblins
  A hobgoblin (D:2)
  4 jackals
  2 quokkas
  4 ball pythons
  2 bats
  7 frilled lizards
  5 kobolds
  3 rats
82 creatures vanquished.

Notes
Turn   | Place    | Note
-------+----------+-------------------------------------------
     0 | D:1      | Spaninq the Palentonga Berserker began the quest for the
                  | Orb.
     0 | D:1      | Reached XP level 1. HP: 19/19 MP: 1/1
     3 | D:1      | Noticed an electric eel
     4 | D:1      | Noticed an electric eel
   249 | D:1      | Reached XP level 2. HP: 25/25 MP: 2/2
  1228 | D:2      | Reached XP level 3. HP: 31/31 MP: 3/3
  1283 | D:2      | Reached skill level 4 in Axes
  1462 | D:2      | Reached ** piety under Trog
  2007 | D:2      | Found a runed translucent door.
  2008 | D:2      | Noticed Crazy Yiuf
  2370 | D:3      | Reached XP level 4. HP: 37/39 MP: 4/4
  2415 | D:3      | Noticed a scorpion
  2419 | D:3      | Killed a scorpion
  2420 | D:3      | Reached skill level 5 in Axes
  2420 | D:3      | Reached XP level 5. HP: 43/44 MP: 5/5
  2681 | D:3      | Found a faded altar of an unknown god.
  2884 | D:3      | Noticed Sigmund
  3177 | D:3      | Found an iron altar of Okawaru.
  3564 | D:4      | Noticed an orc warrior
  3586 | D:4      | Killed an orc warrior
  3587 | D:4      | Reached skill level 6 in Axes
  3587 | D:4      | Reached XP level 6. HP: 11/52 MP: 6/6
  4384 | D:4      | Found a snail-covered altar of Cheibriados.
  4743 | D:4      | Found a radiant altar of Vehumet.
  4839 | D:4      | Found an ancient bone altar of Kikubaaqudgha.
  4858 | D:4      | Reached skill level 5 in Fighting
  4866 | D:4      | Found a shimmering blue altar of Sif Muna.
  4876 | D:4      | Gained mutation: You curl defensively after being hit.
                  | [Palentonga growth]
  4876 | D:4      | Reached XP level 7. HP: 56/59 MP: 7/7
  4958 | D:5      | Entered Level 5 of the Dungeon
  5020 | D:5      | Identified the +2 robe of Rationality {Dex+4 Slay+3}
  5073 | D:5      | Found Yrruax's Jewellery Shoppe.
  5080 | D:5      | Identified the +6 mace of Dithmenos's Reproof {vorpal,
                  | rElec rC+ Will+}
  5105 | D:5      | Reached skill level 7 in Axes
  5434 | D:5      | Noticed a wraith
  5452 | D:5      | Killed a wraith
  5563 | D:5      | Slain by a wyvern zombie

Illustrated notes

Levels and vault maps discovered:
D:1:      arrival_aquarium_b, layout_loops_ring, st_stairs_3
D:2:      layout_basic, uniq_crazy_yiuf_cottage
D:3:      layout_loops_ring, kennysheep_okawaru_gauntlet,
          dreamdust_ecumenical_altar_statues, uniq_sigmund
D:4:      layout_basic, palyth_temple_overflow_mages, cheibrodos_worm_habitat,
          guppyfry_early_orc_mine
D:5:      layout_basic, serial_shops, shop

Skill      XL: |  1  2  3  4  5  6  7 |
---------------+----------------------+-----
Axes           | 4 5 6 7 |  7.3
Fighting       | 4 5 |  5.5
Armour         | 2 |  2.7
Dodging        | 2 |  2.7

Action                   |  1- 3 |  4- 6 |  7- 9 || total
-------------------------+-------+-------+-------++-------
Melee: Hand axe          |    34 |       |       ||    34
       Tailslap          |     8 |    14 |    16 ||    38
       Short sword       |    61 |   106 |    35 ||   202
       War axe           |       |       |    26 ||    26
Invok: Trog's Hand       |       |       |     1 ||     1
 Abil: Rolling Charge    |     4 |     4 |     2 ||    10
  Use: Potion            |       |       |     1 ||     1
Armor: Animal skin       |    33 |    16 |       ||    49
       Scale mail        |       |    26 |    27 ||    53
Dodge: Dodged            |    49 |    41 |    27 ||   117
